 Dungeon Crawl Stone Soup version 0.24.0-123-gd5b16e6ec5 (webtiles) character file.

Game seed: 18228510054149784685, levelgen mode: deterministic

9834 Johnny the Geomancer (level 11, -3/74 HPs)
             Began as a Demigod Earth Elementalist on Feb 4, 2020.
             Hit by a large rock thrown by a cyclops (37 damage)
             ... on level 11 of the Dungeon.
             The game lasted 00:14:45 (11328 turns).

Johnny the Geomancer (Demigod Earth Elementalist)  Turns: 11328, Time: 00:14:46

Health: -3/74      AC:  3    Str: 14    XL:     11   Next: 7%
Magic:  25/29      EV: 12    Int: 25    God:
Gold:   581        SH:  8    Dex: 16    Spells: 17/30 levels left

rFire    . . .     SeeInvis .   A - +9 trident of Wondrous Power {pierce, Str+3}
rCold    + . .     Gourm    .   j - +2 buckler {rC+}
rNeg     . . .     Faith    .   c - +0 robe
rPois    .         Spirit   .   (no helmet)
rElec    .         Reflect  .   m - +0 cloak
rCorr    .         Harm     .   (no gloves)
MR       ++...                  (no boots)
Stlth    +++.......             (no amulet)
HPRegen  0.22/turn              y - ring of stealth
MPRegen  0.21/turn              x - ring of protection from magic

@: no status effects
A: high mp 1
a: no special abilities


You were on level 11 of the Dungeon.
You were not hungry.

You visited 1 branch of the dungeon, and saw 11 of its levels.
You also visited: Sewer.

You collected 581 gold pieces.

Inventory:

Hand Weapons
 r - a +3 dagger of venom
 A - the +9 trident of Wondrous Power (weapon) {pierce, Str+3}
   (You found it on level 7 of the Dungeon)

   It inflicts extra damage upon your enemies.
   It affects your strength (+3).
Missiles
 b - 46 stones (quivered)
Armour
 c - a +0 robe (worn)
 j - a +2 buckler of cold resistance (worn)
 m - a +0 cloak (worn)
Magical Staves
 t - a cursed staff of earth {unknown}
Jewellery
 x - a ring of protection from magic (right hand)
 y - a ring of stealth (left hand)
Wands
 B - a wand of disintegration (11)
 D - a wand of polymorph (11)
 E - a wand of enslavement (2)
Scrolls
 e - 3 scrolls of amnesia
 f - 5 scrolls of teleportation
 g - a scroll of magic mapping
 h - 2 scrolls of fog
 l - 7 scrolls of remove curse
 v - a scroll of vulnerability {unknown}
 w - a scroll of immolation {unknown}
 C - 4 scrolls of blinking {unknown}
 F - a scroll of identify
Potions
 i - 3 potions of agility
 k - 4 potions of brilliance {unknown}
 n - a potion of magic {unknown}
 o - a potion of degeneration {unknown}
 p - a potion of cancellation {unknown}
 q - a potion of lignification {unknown}
 s - 4 potions of curing
 u - 4 potions of flight {unknown}
 z - a potion of might {unknown}
 I - a potion of invisibility {unknown}
Comestibles
 a - 11 chunks of flesh
 d - 8 rations


   Skills:
 - Level 1.7 Dodging
 - Level 1.7 Stealth
 - Level 5.5 Shields
 + Level 10.1 Spellcasting
 - Level 0.8 Transmutations
 + Level 11.1 Earth Magic


You had 17 spell levels left.
You knew the following spells:

 Your Spells              Type           Power        Failure   Level  Hunger
a - Sandblast             Erth           ######       1%          1    None
b - Stone Arrow           Conj/Erth      #####.       1%          3    None
c - Lee's Rapid Deconstr  Erth           ######....   1%          5    ####...
d - Petrify               Tmut/Erth      #####...     4%          4    None

Your spell library contained the following spells:

 Spells                   Type           Power        Failure   Level  Hunger
 Passwall                 Tmut/Erth      #####...     1%          2    None


Dungeon Overview and Level Annotations

Branches:
Dungeon (11/15)            Temple (0/1) D:5            Lair (0/6) D:9
  Sewer (visited)
    Orc: D:9-12

Shops:
D:8 (

Annotations:
D:3 2 transporters, Xerdoz's ghost, amateur GrFi


Innate Abilities, Weirdness & Mutations

You have an increased reservoir of magic. (+10% MP)


Message History

Press: ? - help, Dir - move target cursor, f - bullfrog zombie
Aim: a bullfrog zombie (resting)
You reach to attack!
The helpless bullfrog zombie fails to defend itself.
You puncture the bullfrog zombie!
The bullfrog zombie is moderately damaged.
You hit the bullfrog zombie.
The bullfrog zombie is heavily damaged.
You block the bullfrog zombie's attack.
The cyclops throws a large rock.
The large rock hits you! The bullfrog zombie hits you.
Casting: Sandblast (safe; 1% risk of failure)
Confirm with . or Enter, or press ? or * to list all spells.
Aiming: Petrify (safe; 4% risk of failure)
Press: ? - help, Shift-Dir - straight line, f - cyclops, p - bullfrog zombie
Aim: a cyclops (chance to defeat MR: 50%)
The cyclops resists with significant effort.
The bullfrog zombie closely misses you.
The cyclops throws a large rock.
The large rock hits you!!!
Ouch! That really hurt!
You die...

#................#
#................#
#................# .
#................#
...#.................
.....................
........##'##########
..##+#######.........
#.
......Z@((...........
#.
.....................
#.
.....................
#.
####.................
#. #......##.........
#. #......##.........
#. #...........C.....
#. #................
#. .


You could see a cyclops and a bullfrog zombie.

Vanquished Creatures
  A two-headed ogre (D:8)
  An ugly thing (D:11)
  A komodo dragon (D:9)
  Sigmund (D:5)
  4 hippogriffs
  Eustachio (D:6)
  6 yaks (D:11)
  A hungry ghost (D:11)
  3 swamp worms (D:7)
  Edmund (D:4)
  A water moccasin (D:7)
  2 orc warriors
  8 ice beasts
  A necrophage (D:10)
  4 phantoms
  3 sky beasts
  3 ogres
  6 centaurs
  3 big kobolds
  A gnoll sergeant (D:9)
  8 bullfrogs
  2 scorpions
  5 killer bees (D:9)
  9 wights
  3 crimson imps
  2 centaur zombies
  2 quasits
  5 bullfrog zombies
  2 bullfrog skeletons
  6 hounds
  5 orc wizards
  2 centaur skeletons
  6 orc priests
  3 jellies
  4 iguanas
  6 worker ants
  A hound zombie (D:6)
  3 hound skeletons
  A howler monkey zombie (D:6)
  6 gnolls
  9 worker ant zombies
  A howler monkey skeleton (D:6)
  17 adders
  7 river rats (Sewer)
  3 oozes
  An adder zombie (D:6)
  2 worms
  4 dart slugs
  6 leopard geckos
  26 orcs
  6 ball pythons
  6 bats
  12 giant cockroaches
  6 goblins
  8 hobgoblins
  6 jackals
  9 quokkas
  6 frilled lizards
  A jackal zombie (D:8)
  22 kobolds
  2 quokka skeletons
  2 quokka zombies
  27 rats
  A spectral orc (D:2)
323 creatures vanquished.

Vanquished Creatures (others)
  A soldier ant (D:11)
  4 plants
5 creatures vanquished.

Grand Total: 328 creatures vanquished

Notes
Turn   | Place    | Note
-------+----------+-------------------------------------------
     0 | D:1      | Johnny the Demigod Earth Elementalist began the quest for
                  | the Orb.
     0 | D:1      | Reached XP level 1. HP: 14/14 MP: 5/5
   342 | D:1      | Reached skill level 3 in Earth Magic
   357 | D:1      | Reached XP level 2. HP: 10/20 MP: 3/7
  1066 | D:2      | Reached XP level 3. HP: 14/26 MP: 6/9
  1181 | D:2      | Found a basalt altar of Yredelemnul.
  1756 | D:2      | Learned a level 3 spell: Stone Arrow
  1805 | D:2      | Reached skill level 1 in Shields
  2080 | D:3      | Reached XP level 4. HP: 19/33 MP: 4/10
  2849 | D:3      | Found a transporter.
  2860 | D:3      | Found a transporter.
  2863 | D:3      | Noticed Xerdoz's ghost (amateur GrFi)
  2994 | D:4      | Noticed Edmund
  3021 | D:4      | Killed Edmund
  3021 | D:4      | Reached skill level 4 in Earth Magic
  3021 | D:4      | Reached XP level 5. HP: 15/38 MP: 4/13
  3397 | D:4      | Found an iron altar of Okawaru.
  3398 | D:4      | Found an ancient bone altar of Kikubaaqudgha.
  3399 | D:4      | Found an ornate altar of the Wu Jian Council.
  3633 | D:4      | Noticed a phantom
  3640 | D:4      | Killed a phantom
  3640 | D:4      | Reached XP level 6. HP: 44/45 MP: 6/14
  4153 | D:5      | Entered Level 5 of the Dungeon
  4241 | D:5      | Found a glowing drain.
  4276 | Sewer    | Entered a sewer
  4364 | Sewer    | Reached skill level 5 in Earth Magic
  4437 | Sewer    | Reached XP level 7. HP: 39/50 MP: 11/16
  4773 | D:5      | Noticed Sigmund
  4783 | D:5      | Killed Sigmund
  4835 | D:5      | Reached skill level 5 in Spellcasting
  4854 | D:5      | Found a staircase to the Ecumenical Temple.
  5227 | D:5      | Reached XP level 8. HP: 55/57 MP: 19/19
  5247 | D:5      | Reached skill level 6 in Earth Magic
  5274 | D:5      | Reached skill level 5 in Shields
  6152 | D:6      | Reached skill level 7 in Earth Magic
  6406 | D:6      | Reached XP level 9. HP: 28/62 MP: 12/22
  6869 | D:6      | Noticed Eustachio
  6967 | D:6      | Killed Eustachio
  7255 | D:7      | Reached skill level 8 in Earth Magic
  7470 | D:7      | Got a steaming trident
  7475 | D:7      | Identified the +9 trident of Wondrous Power {pierce, Str+3}
                  | (You found it on level 7 of the Dungeon)
  7756 | D:7      | Learned a level 5 spell: Lee's Rapid Deconstruction
  7761 | D:7      | Learned a level 4 spell: Petrify
  8129 | D:8      | Found a bloodstained altar of Trog.
  8132 | D:8      | Found a snail-covered altar of Cheibriados.
  8161 | D:8      | Reached skill level 9 in Earth Magic
  8354 | D:8      | Found a shimmering blue altar of Sif Muna.
  8517 | D:8      | Reached XP level 10. HP: 32/69 MP: 2/26
  8739 | D:8      | Found Yhyustuss's Weapon Shop.
  8756 | D:8      | Noticed a two-headed ogre
  8873 | D:8      | Killed a two-headed ogre
  8877 | D:8      | Reached skill level 10 in Earth Magic
  9727 | D:9      | Found a staircase to the Lair.
 10358 | D:10     | Entered Level 10 of the Dungeon
 10943 | D:11     | Noticed a red ugly thing
 10993 | D:11     | Killed a red ugly thing
 11154 | D:11     | Reached skill level 10 in Spellcasting
 11154 | D:11     | Reached skill level 11 in Earth Magic
 11154 | D:11     | Reached XP level 11. HP: 61/74 MP: 13/29
 11328 | D:11     | Hit by a large rock thrown by a cyclops

Levels and vault maps discovered:
D:1:      dpeg_arrival_pits, layout_basic
D:2:      layout_basic, yredelemnul_forgotten_temple_becter
D:3:      layout_loops_ring, gammafunk_ghost_arena
D:4:      layout_gridville, grunt_temple_overflow_open, first_ration,
          uniq_edmund
D:5:      kennysheep_six_static_rooms, layout_rooms, minmay_temple_entry_wispy,
          nicolae_ossuary_entry_false_entrances, gup_sewer_entry_glass,
          serial_glass, glass_columns_a, glass_columns_c, glass_columns_b,
          glass_columns_c, glass_columns_a, glass_columns_a, glass_columns_a,
          glass_columns_a, minmay_strange_pillars, item_on_display_a,
          minmay_strange_pillars, lemuel_flamethrower_2, uniq_sigmund
D:6:      minmay_inner_zag, layout_cave_pools, serial_undead, serial_undead_a,
          serial_undead_d, serial_undead_e, serial_undead_a, serial_undead_b,
          serial_undead_e, uniq_eustachio
D:7:      layout_gridville, worms_lemuel
D:8:      layout_basic, kennysheep_mini_moat, nicolae_overflow_hidden_temple,
          serial_shops, shop
D:9:      layout_long_grid, david_lair_shrubbed
D:10:     layout_gridville
D:11:     layout_stronghold, orc_0_dummy, trove_entry_hex_spiral,
          hangedman_fish_farm, uniq_gastronok

Skill      XL: |  1  2  3  4  5  6  7  8  9 10 |
---------------+-------------------------------+-----
Spellcasting   | 2 3 4 5 6 8 10 | 10.1
Earth Magic    | 3 4 5 7 9 11 | 11.1
Shields        | 1 2 3 4 5 |  5.5
Dodging        | |  1.7
Stealth        | |  1.7
Transmutations | |  0.8

Action                   |  1- 3 |  4- 6 |  7- 9 | 10-12 || total
-------------------------+-------+-------+-------+-------++-------
Melee: Unarmed           |    30 |       |       |       ||    30
       Dagger            |   106 |   121 |   255 |       ||   482
       Trident           |       |       |    40 |    94 ||   134
 Cast: Sandblast         |    40 |    54 |   162 |    41 ||   297
       Stone Arrow       |     2 |     2 |    30 |    43 ||    77
       Lee's Rapid Decon |       |       |     1 |    10 ||    11
       Petrify           |       |       |       |     7 ||     7
Evoke: Wand              |       |       |     2 |    14 ||    16
  Use: Scroll            |       |     1 |    12 |     1 ||    14
       Potion            |       |       |     6 |     6 ||    12
 Stab: Sleeping          |     4 |     2 |    11 |    11 ||    28
       Distracted        |       |       |     1 |       ||     1
  Eat: Chunk             |     3 |     6 |     9 |    11 ||    29
       Ration            |       |     1 |     1 |       ||     2
Armor: Robe              |    56 |    22 |    70 |    17 ||   165
Dodge: Dodged            |    78 |    60 |   205 |    82 ||   425
Block: Buckler           |    48 |    45 |   166 |    47 ||   306
